 Dungeon Crawl Stone Soup version 0.26-a0-672-g1df16c3386 (webtiles) character file.

Game seed: 10924852261878216656

70 dolemite99 the Poker (level 4, -1/35 HPs)
             Began as a Merfolk Fighter on Oct 20, 2020.
             Slain by a gnoll sergeant
             ... wielding a +0 war axe
              (11 damage)
             ... on level 2 of the Dungeon.
             The game lasted 00:02:19 (1722 turns).

dolemite99 the Poker (Merfolk Fighter)              Turns: 1722, Time: 00:02:19

Health: -1/35      AC:  6    Str: 17    XL:     4   Next: 22%
Magic:  4/4        EV:  6    Int:  7    God:
Gold:   61         SH:  9    Dex: 13    Spells: 3/3 levels left

rFire    . . .     SeeInvis .   a - +0 trident
rCold    . . .     Faith    .   c - +0 kite shield
rNeg     . . .     Spirit   .   b - +0 scale mail
rPois    .         Reflect  .   (no helmet)
rElec    .         Harm     .   (no cloak)
rCorr    .         Rampage  .   (no gloves)
MR       .....                  (no boots)
Stlth    ..........             (no amulet)
HPRegen  0.11/turn              (no ring)
MPRegen  0.09/turn              (no ring)

@: brilliant
A: change form in water, swift swim, stealthy swim
a: no special abilities


You were on level 2 of the Dungeon.
You visited 1 branch of the dungeon, and saw 2 of its levels.

You collected 61 gold pieces.

Inventory:

Hand Weapons
 a - a +0 trident (weapon)
Missiles
 j - 97 stones (quivered)
 l - 10 poisoned darts
Armour
 b - a +0 scale mail (worn)
 c - a +0 kite shield (worn)
Jewellery
 f - a cursed ring of protection from fire {unknown}
Scrolls
 e - a scroll of enchant weapon {unknown}
 i - a scroll of noise {unknown}
 n - a scroll of remove curse {unknown}


   Skills:
 - Level 3.2 Fighting
 + Level 6.4 Polearms
 - Level 2.1 Armour
 - Level 3.0 Shields


You had 3 spell levels left.
You didn't know any spells.
Your spell library was empty.

Dungeon Overview and Level Annotations

Branches:
Dungeon (2/15)

Altars:


Message History

You see here a cursed -3 club.
It was a potion of brilliance.
You feel clever all of a sudden.
You start resting.
A gnoll sergeant is nearby!
A gnoll sergeant is nearby!
The gnoll sergeant shouts!
A gnoll comes into view. It is wielding a +0 whip.
The gnoll shouts!
Things that are here:
a +0 halberd; a hobgoblin skeleton; a gnoll skeleton The gnoll sergeant drinks a potion.
The gnoll sergeant seems to grow stronger.
You completely miss the gnoll sergeant. You block the gnoll sergeant's attack.
You block the gnoll's attack.
Unknown command.
You hit the gnoll sergeant.
The gnoll sergeant is lightly wounded.
The gnoll sergeant hits you with a +0 war axe!
You die...

##### ####### ##...##
#.....# ##...).##
###.....# #..)..).#
........# #...)...#
........# #.....@.#
........####...gg##
..†........##.).##
..).######..##)#######'
#'### ##............
#.# #....g....... #.#
#............ #.#
####'#######' #.# #...


You could see a gnoll sergeant (strong) and a gnoll.

Vanquished Creatures
  4 gnolls (D:2)
  2 worms (D:2)
  A leopard gecko (D:2)
  3 goblins
  6 hobgoblins
  A quokka (D:2)
  4 bats
  5 kobolds
  A rat (D:1)
27 creatures vanquished.

Notes
Turn   | Place    | Note
-------+----------+-------------------------------------------
     0 | D:1      | dolemite99 the Merfolk Fighter began the quest for the Orb.
     0 | D:1      | Reached XP level 1. HP: 18/18 MP: 1/1
   340 | D:1      | Reached skill level 4 in Polearms
   340 | D:1      | Reached XP level 2. HP: 24/24 MP: 2/2
  1222 | D:2      | Reached skill level 5 in Polearms
  1222 | D:2      | Reached XP level 3. HP: 13/29 MP: 3/3
  1235 | D:2      | Noticed a gnoll sergeant
  1471 | D:2      | HP: 1/29 [gnoll/+0 spear (3)]
  1626 | D:2      | Reached skill level 6 in Polearms
  1626 | D:2      | Reached XP level 4. HP: 13/35 MP: 4/4
  1722 | D:2      | Slain by a gnoll sergeant

Illustrated notes

Levels and vault maps discovered:
D:1:      lordsloth_arrival_two_stooges, layout_basic
D:2:      kennysheep_six_static_rooms, layout_basic, overflow_temple_1_default,
          minmay_between

Skill      XL: |  1  2  3 |
---------------+----------+-----
Polearms       | 4 5 6 |  6.4
Fighting       | |  3.2
Armour         | |  2.1
Shields        | |  3.0

Action                   |  1- 3 |  4- 6 || total
-------------------------+-------+-------++-------
Melee: Trident           |    69 |     5 ||    74
Throw: Stone             |    20 |       ||    20
  Use: Potion            |     4 |     2 ||     6
 Stab: Sleeping          |     3 |       ||     3
       Invisible         |     1 |       ||     1
Armor: Scale mail        |    24 |     2 ||    26
Dodge: Dodged            |    19 |     1 ||    20
Block: Kite shield       |    36 |     4 ||    40

Table legend: (Time is in decaauts)
 A = Elapsed time spent in this place.
 B = Non-inter-level travel time spent in this place.
 C = Inter-level travel time spent in this place.
 D = Time resting spent in this place.
 E = Time spent auto-exploring this place.
 F = Levels seen in this place.
 G = Mean time per level.
                   A        B        C        D        E       F      G
               +--------+--------+--------+--------+--------+-----+--------+
         Total |   1736 |   1717 |     19 |    397 |   1035 |   2 |  868.0 |
       Dungeon |   1736 |   1717 |     19 |    397 |   1035 |   2 |  868.0 |
               +--------+--------+--------+--------+--------+-----+--------+

Top non-repeatable levels by time:
     D:1: 978 daAuts
     D:2: 758 daAuts
